 Dungeon Sprint DCSS version 0.30-a0-779-g7971cf19c3 (webtiles) character file.

Game seed: 512524949578664123

5931 retardedninja the Blocker (level 10, -3/89 HPs)
             Began as a Gnoll Fighter on Feb 17, 2023.
             Was an Initiate of Gozag.
             Slain by a lindwurm (14 damage)
             ... in the Dungeon (Sprint IX: "|||||||||||||||||||||||||||||").
             The game lasted 00:03:44 (1822 turns).

retardedninja the Blocker (Gnoll Fighter)           Turns: 1822, Time: 00:03:45

Health: -3/89      AC: 20    Str: 22    XL:     10   Next: 83%
Magic:  23/23      EV: 11    Int:  9    God:    Gozag
Gold:   1274       SH:  6    Dex: 11    Spells: 28/28 levels left

rFire   . . .      SeeInvis .    n - +3 war axe (heavy)
rCold   . . .      Faith    .    c - +0 buckler
rNeg    . . .      Spirit   .    q - +1 chain mail
rPois   .          Reflect  .    (no helmet)
rElec   .          Harm     .    p - +2 cloak
rCorr   .          Rampage  .    (no gloves)
Will    .....      NoTele   +    o - +0 pair of boots
Stlth   +                        (no amulet)
HPRegen 0.34/turn                s - +3 ring of strength
MPRegen 0.18/turn                r - +2 ring of protection

@: gold aura
A: fangs 1, strong nose, distributed training
a: Renounce Religion, Potion Petition, Call Merchant, Bribe Branch


You were in the Dungeon.
You worshipped Gozag.
Gozag was most pleased with you.
You visited 1 branch You collected 2971 gold pieces.
You paid 1697 gold pieces to Gozag.

Inventory:

Hand Weapons
 a - a +0 war axe
 n - a +3 heavy war axe (weapon)
Armour
 c - a +0 buckler (worn)
 o - a +0 pair of boots (worn)
 p - a +2 cloak (worn)
 q - a +1 chain mail (worn)
Jewellery
 r - a +2 ring of protection (right hand)
 s - a +3 ring of strength (left hand)
Wands
 m - a wand of roots (8)
Scrolls
 g - 2 scrolls of fog
 j - 2 scrolls of blinking
 k - a scroll of fear
 l - 2 scrolls of amnesia
Potions
 b - 2 potions of mutation
 d - a potion of might
 e - 8 potions of curing
 h - 4 potions of magic


   Skills:
 + Level 11.7 Fighting
 + Level 9.8 Short Blades
 + Level 9.8 Long Blades
 + Level 10.8 Axes
 + Level 9.8 Maces & Flails
 + Level 9.8 Polearms
 + Level 9.8 Staves
 + Level 9.8 Ranged Weapons
 + Level 9.8 Throwing
 + Level 11.7 Armour
 + Level 9.8 Dodging
 + Level 9.8 Stealth
 + Level 11.7 Shields
 + Level 9.8 Unarmed Combat
 + Level 9.8 Spellcasting
 + Level 8.2 Conjurations
 + Level 8.2 Hexes
 + Level 8.2 Summonings
 + Level 8.2 Necromancy
 + Level 8.2 Translocations
 + Level 8.2 Transmutations
 + Level 8.2 Fire Magic
 + Level 8.2 Ice Magic
 + Level 8.2 Air Magic
 + Level 8.2 Earth Magic
 + Level 8.2 Poison Magic
 + Level 10.6 Invocations
 + Level 9.8 Evocations


You had 28 spell levels left.
You didn't know any spells.
Your spell library was empty.

Dungeon Overview and Level Annotations

Branches:
Dungeon (1/1)

Altars:
Cheibriados
Dithmenos
Elyvilon
Fedhas
Gozag
Hepliaklqana
Kikubaaqudgha
Makhleb
Nemelex Xobeh
Okawaru
Qazlal
Ru
Sif Muna
Trog
Uskayaw
Vehumet
Wu Jian
Xom
Yredelemnul
Zin
The Shining One
Jiyva
Lugonu


Innate Abilities, Weirdness & Mutations

You have very sharp teeth.
Your uncanny sense of smell can sniff out nearby items.
Your experience applies equally to all skills.


Message History

The tyrant leech closely misses you.
You slice the tyrant leech!!
The tyrant leech is almost dead.
The tyrant leech barely misses you.
A worm comes into view.
You closely miss the tyrant leech.
The tyrant leech is almost dead.
The tyrant leech bites you.
The tyrant leech draws strength from your injuries!
You slash the tyrant leech!
You kill the tyrant leech!
The lindwurm breathes flames at you. The blast of flame hits you!!
The worm is distracted by your dazzling golden aura.
The lindwurm breathes flames at you. The blast of flame misses you.
There is an open door to Lair:5 here.
You see here 171 gold pieces.
You completely miss the lindwurm.
You bite the lindwurm, but do no damage.
The lindwurm bites you but does no damage.
The lindwurm claws you but does no damage.
The lindwurm closely misses you. You block the lindwurm's attack.
The lindwurm claws you but does no damage.
The lindwurm closely misses you.
You barely miss the lindwurm. You block the lindwurm's attack.
The lindwurm claws you but does no damage. x2
You barely miss the lindwurm.
The worm is no longer distracted by gold.
The lindwurm bites you but does no damage.
You block the lindwurm's attack.
The lindwurm claws you but does no damage.
The lindwurm breathes flames at you. The blast of flame hits you!!
* * * LOW HITPOINT WARNING * * *
You slice the lindwurm!!
The lindwurm is heavily wounded.
The lindwurm bites you!
You die...
Your body crumbles into a pile of gold.

▓[▓.▓ $
▓.▓.▓.▓
▓.▓.▓w▓
$
▓.▓.▓w▓
▓.▓.▓w▓
$
▓)▓.▓w▓
$
▓.▓.▓k▓
$
▓.▓.▓k▓
$
▓'▓.▓@▓
$
▓_▓.▓.▓
▓_▓.▓.▓
$
▓_▓.▓.▓
$
▓_▓.▓.▓
$
▓_▓.▓.▓
$
▓_▓.▓.▓
$
▓_▓.▓.▓
$
▓_▓.▓.▓
$


You could see a tyrant leech, 2 lindwurms and 3 worms.

Vanquished Creatures
  A hydra (D)
  A skyshark (D)
  A lindwurm (D)
  An elephant (D)
  A gargoyle (D)
  2 cane toads (D)
  An efreet (D)
  A rime drake (D)
  A troll (D)
  A tyrant leech (D)
  A slime creature (D)
  A shadow (D)
  A wraith (D)
  2 wyverns (D)
  4 yaks (D)
  A steam dragon (D)
  6 water moccasins (D)
  An acid dragon (D)
  A bullfrog (D)
  A gnoll sergeant (D)
  A hound (D)
  A jelly (D)
  An ufetubus (D)
  2 dart slugs (D)
  An orc (D)
  A ball python (D)
  A hobgoblin (D)
  A frilled lizard (D)
  A rat (D)
40 creatures vanquished.

Vanquished Creatures (others)
  A vampire mosquito (D)
1 creature vanquished.

Grand Total: 41 creatures vanquished

Notes
Turn   | Place    | Note
-------+----------+-------------------------------------------
     0 | D        | retardedninja the Gnoll Fighter began the quest for the
                  | Orb.
     0 | D        | Reached XP level 1. HP: 23/23 MP: 1/1
    11 | D        | Reached skill level 1 in Invocations
    12 | D        | Reached skill level 1 in Short Blades
    12 | D        | Reached skill level 1 in Long Blades
    12 | D        | Reached skill level 1 in Maces & Flails
    12 | D        | Reached skill level 1 in Polearms
    12 | D        | Reached skill level 1 in Staves
    12 | D        | Reached skill level 1 in Ranged Weapons
    12 | D        | Reached skill level 1 in Throwing
    12 | D        | Reached skill level 1 in Dodging
    12 | D        | Reached skill level 1 in Stealth
    12 | D        | Reached skill level 1 in Unarmed Combat
    12 | D        | Reached skill level 1 in Spellcasting
    12 | D        | Reached skill level 1 in Evocations
    14 | D        | Reached XP level 2. HP: 29/29 MP: 1/3
    24 | D        | Reached skill level 5 in Axes
    24 | D        | Reached skill level 1 in Conjurations
    24 | D        | Reached skill level 1 in Hexes
    24 | D        | Reached skill level 1 in Summonings
    24 | D        | Reached skill level 1 in Necromancy
    24 | D        | Reached skill level 1 in Translocations
    24 | D        | Reached skill level 1 in Transmutations
    24 | D        | Reached skill level 1 in Fire Magic
    24 | D        | Reached skill level 1 in Ice Magic
    24 | D        | Reached skill level 1 in Air Magic
    24 | D        | Reached skill level 1 in Earth Magic
    24 | D        | Reached skill level 1 in Poison Magic
    24 | D        | Reached XP level 3. HP: 28/35 MP: 2/6
    42 | D        | Reached XP level 4. HP: 12/43 MP: 4/8
    50 | D        | Found a snail-covered altar of Cheibriados.
    50 | D        | Found a shadowy altar of Dithmenos.
    50 | D        | Found a white marble altar of Elyvilon.
    50 | D        | Found a blossoming altar of Fedhas.
    50 | D        | Found an opulent altar of Gozag.
   208 | D        | Found a hazy altar of Hepliaklqana.
   209 | D        | Found a viscous altar of Jiyva.
   210 | D        | Found an ancient bone altar of Kikubaaqudgha.
   211 | D        | Found a corrupted altar of Lugonu.
   212 | D        | Found a burning altar of Makhleb.
   213 | D        | Found a sparkling altar of Nemelex Xobeh.
   214 | D        | Found an iron altar of Okawaru.
   215 | D        | Became a worshipper of Gozag Ym Sagoz the Greedy
   216 | D        | Found a stormy altar of Qazlal.
   217 | D        | Found a sacrificial altar of Ru.
   218 | D        | Found a shimmering blue altar of Sif Muna.
   219 | D        | Found a bloodstained altar of Trog.
   220 | D        | Found a hide-covered altar of Uskayaw.
   221 | D        | Found a radiant altar of Vehumet.
   222 | D        | Found an ornate altar of the Wu Jian Council.
   223 | D        | Found a shimmering altar of Xom.
   224 | D        | Found a basalt altar of Yredelemnul.
   225 | D        | Found a glowing silver altar of Zin.
   226 | D        | Found a glowing golden altar of the Shining One.
   280 | D        | Noticed an acid dragon
   280 | D        | Noticed a yak
   280 | D        | Noticed a yak
   280 | D        | Noticed a shadow
   280 | D        | Noticed a yak
   280 | D        | Noticed a wraith
   283 | D        | Killed a wraith
   284 | D        | Reached XP level 5. HP: 49/49 MP: 8/11
   284 | D        | Reached XP level 6. HP: 56/56 MP: 8/12
   287 | D        | Killed a yak
   288 | D        | Reached skill level 5 in Short Blades
   288 | D        | Reached skill level 5 in Long Blades
   288 | D        | Reached skill level 5 in Maces & Flails
   288 | D        | Reached skill level 5 in Polearms
   288 | D        | Reached skill level 5 in Staves
   288 | D        | Reached skill level 5 in Ranged Weapons
   288 | D        | Reached skill level 5 in Throwing
   288 | D        | Reached skill level 5 in Dodging
   288 | D        | Reached skill level 5 in Stealth
   288 | D        | Reached skill level 5 in Unarmed Combat
   288 | D        | Reached skill level 5 in Spellcasting
   288 | D        | Reached skill level 5 in Invocations
   288 | D        | Reached skill level 5 in Evocations
   288 | D        | Killed a shadow
   289 | D        | Reached XP level 7. HP: 63/63 MP: 8/15
   291 | D        | Killed a yak
   293 | D        | Killed a yak
   294 | D        | Reached skill level 5 in Conjurations
   294 | D        | Reached skill level 5 in Hexes
   294 | D        | Reached skill level 5 in Summonings
   294 | D        | Reached skill level 5 in Necromancy
   294 | D        | Reached skill level 5 in Translocations
   294 | D        | Reached skill level 5 in Transmutations
   294 | D        | Reached skill level 5 in Fire Magic
   294 | D        | Reached skill level 5 in Ice Magic
   294 | D        | Reached skill level 5 in Air Magic
   294 | D        | Reached skill level 5 in Earth Magic
   294 | D        | Reached skill level 5 in Poison Magic
   296 | D        | Reached XP level 8. HP: 52/71 MP: 10/17
   345 | D        | Noticed a slime creature
   345 | D        | Noticed a gargoyle
   345 | D        | Noticed an efreet
   345 | D        | Noticed a troll
   351 | D        | Killed a troll
   355 | D        | Killed an efreet
   366 | D        | Killed a gargoyle
   375 | D        | Killed a slime creature
   376 | D        | Reached XP level 9. HP: 53/78 MP: 18/20
   380 | D        | Reached skill level 10 in Fighting
   380 | D        | Reached skill level 10 in Armour
   380 | D        | Reached skill level 10 in Shields
   774 | D        | Noticed a cane toad
   802 | D        | Killed a cane toad
  1064 | D        | Noticed a seven-headed hydra
  1064 | D        | Noticed a rime drake
  1064 | D        | Noticed a lindwurm
  1064 | D        | Noticed a skyshark
  1070 | D        | Noticed an elephant
  1077 | D        | Killed a skyshark
  1078 | D        | Reached XP level 10. HP: 39/86 MP: 22/22
  1100 | D        | Killed a lindwurm
  1101 | D        | Reached skill level 10 in Axes
  1106 | D        | HP: 3/87 [ten-headed hydra (11)]
  1106 | D        | HP: 1/87 [ten-headed hydra (2)]
  1108 | D        | Killed an 11-headed hydra
  1109 | D        | Reached skill level 10 in Invocations
  1116 | D        | Killed an elephant
  1148 | D        | Noticed a cane toad
  1242 | D        | Killed a cane toad
  1812 | D        | Noticed a lindwurm
  1812 | D        | Noticed a lindwurm
  1822 | D        | Slain by a lindwurm

Illustrated notes

Levels and vault maps discovered:
D:        linesprint [early_d, line_temple, items_1, d_10, items_2, lair_1,
          lair_end, items_3, orc_1, orc_end, items_4, d_15, swamp_1, shoals_1,
          snake_1, spider_1, d_20, vaults_1, items_5, swamp_end, shoals_end,
          snake_end, spider_end, vaults_end, d_27, items_6, zot_1, zot_end,
          crypt_end, forest_end, elf_end, slime_end, tomb_end, abyss_end,
          pan_hell_end]

Skill      XL: |  1  2  3  4  5  6  7  8  9 10 |
---------------+-------------------------------+-----
Invocations    | 1 2 3 4 6 7 8 9 10 | 10.6
Short Blades   | 1 2 4 5 6 7 8 9 |  9.8
Long Blades    | 1 2 4 5 6 7 8 9 |  9.8
Maces & Flails | 1 2 4 5 6 7 8 9 |  9.8
Polearms       | 1 2 4 5 6 7 8 9 |  9.8
Staves         | 1 2 4 5 6 7 8 9 |  9.8
Ranged Weapons | 1 2 4 5 6 7 8 9 |  9.8
Throwing       | 1 2 4 5 6 7 8 9 |  9.8
Dodging        | 1 2 4 5 6 7 8 9 |  9.8
Stealth        | 1 2 4 5 6 7 8 9 |  9.8
Unarmed Combat | 1 2 4 5 6 7 8 9 |  9.8
Spellcasting   | 1 2 4 5 6 7 8 9 |  9.8
Evocations     | 1 2 4 5 6 7 8 9 |  9.8
Axes           | 5 6 7 8 9 10 | 10.8
Conjurations   | 1 2 3 4 5 6 7 8 |  8.2
Hexes          | 1 2 3 4 5 6 7 8 |  8.2
Summonings     | 1 2 3 4 5 6 7 8 |  8.2
Necromancy     | 1 2 3 4 5 6 7 8 |  8.2
Translocations | 1 2 3 4 5 6 7 8 |  8.2
Transmutations | 1 2 3 4 5 6 7 8 |  8.2
Fire Magic     | 1 2 3 4 5 6 7 8 |  8.2
Ice Magic      | 1 2 3 4 5 6 7 8 |  8.2
Air Magic      | 1 2 3 4 5 6 7 8 |  8.2
Earth Magic    | 1 2 3 4 5 6 7 8 |  8.2
Poison Magic   | 1 2 3 4 5 6 7 8 |  8.2
Fighting       | 7 8 9 10 11 | 11.7
Armour         | 7 8 9 10 11 | 11.7
Shields        | 7 8 9 10 11 | 11.7

Action                     |  1- 3 |  4- 6 |  7- 9 | 10-12 || total
---------------------------+-------+-------+-------+-------++-------
  Melee: War axe           |    31 |     9 |    77 |    35 ||   152
         Bite              |     1 |     1 |     6 |     5 ||    13
 Invoke: Potion Petition   |       |       |     1 |     2 ||     3
  Evoke: Wand              |       |       |       |     2 ||     2
    Use: Potion            |       |     1 |     5 |     2 ||     8
         Scroll            |       |       |     3 |       ||     3
   Stab: Invisible         |       |       |     3 |       ||     3
 Armour: Scale mail        |    17 |       |       |       ||    17
         Chain mail        |       |     3 |    52 |    45 ||   100
  Dodge: Dodged            |    16 |     1 |    47 |    37 ||   101
  Block: Buckler           |     9 |     1 |    37 |    21 ||    68

Table legend: (Time is in decaauts)
 A = Elapsed time spent in this place.
 B = Non-inter-level travel time spent in this place.
 C = Inter-level travel time spent in this place.
 D = Time resting spent in this place.
 E = Time spent auto-exploring this place.
 F = Levels seen in this place.
 G = Mean time per level.
                   A        B        C        D        E       F      G
               +--------+--------+--------+--------+--------+-----+--------+
         Total |   1869 |   1869 |      0 |   1295 |      0 |   1 | 1869.0 |
       Dungeon |   1869 |   1869 |      0 |   1295 |      0 |   1 | 1869.0 |
               +--------+--------+--------+--------+--------+-----+--------+

Top non-repeatable levels by time:
       D: 1869 daAuts
